Map: Terrazze Prion

Players

Cal - Winner!

  • Race: Terran Terran
  • League: Gold

Jhyrachy

  • Race: Zerg Zerg
  • League: Silver

VOD

Have the link to the VOD?

Description

Time

  • Played on: Dec. 20, 2015, 6:59 a.m.
  • Length: 18:13
Show
View Real Time Build Order
Export as new Build Order

Cal Terran - Winner!

Build Orders: 1/1/1, Liberator Opening 

Get SALT Encoding   

  12  0:01  SCV  
  13  0:13  SCV  
  14  0:22  Supply Depot  
  14  0:25  SCV  
  15  0:28  Refinery  
  15  0:44  SCV  
  15  0:45  Barracks  
  16  0:56  SCV  
  17  1:08  SCV  
  18  1:17  Supply Depot  
  18  1:21  SCV  
  19  1:29  Refinery  
  19  1:35  Factory  
  19  1:37  Orbital Command  
  19  1:41  Marine  
  20  2:00  Marine  
  21  2:05  SCV  
  22  2:12  Supply Depot  
  22  2:17  SCV  
  22  2:18  Widow Mine, Marine  
  22  2:21  Starport  
  27  2:30  SCV  
  27  2:32  Supply Depot  
  27  2:36  Marine  
  28  2:47  Widow Mine  
  30  2:53  Marine  
  31  3:04  Command Center  
  31  3:08  Medivac  
  31  3:11  Marine  
  34  3:21  Barracks  
  34  3:24  Liberator  
  37  3:47  SCV  
  38  3:48  Marine  
  38  3:49  Factory Tech Lab  
  39  3:59  SCV  
  40  4:06  Liberator, Marine  
  41  4:10  Engineering Bay  
  41  4:11  SCV  
  41  4:12  Barracks Tech Lab  
  42  4:23  SCV  
  42  4:24  Marine  
  47  4:35  SCV  
  38  4:58  Barracks  
  38  5:28  Siege Tank  
  41  5:37  Command Center  
  41  5:45  Orbital Command  
  41  5:48  SCV  
  42  5:55  Marine x2  
  44  6:00  Siege Tank, SCV  
  44  6:01  Barracks Reactor  
  48  6:10  Refinery  
  48  6:12  SCV  
  48  6:13  Marine  
  48  6:14  Marauder  
  52  6:24  SCV  
  50  6:31  Marine  
  50  6:32  Siege Tank  
  54  6:35  Marauder  
  54  6:36  SCV  
  57  6:46  Missile Turret  
  57  6:48  SCV  
  57  6:49  Marine  
  59  6:55  SCV  
  59  6:56  Marine  
  59  7:00  SCV  
  62  7:04  Siege Tank  
  62  7:06  Marine, Starport Reactor  
  62  7:07  SCV  
  67  7:12  Refinery, SCV  
  67  7:13  Planetary Fortress  
  67  7:14  Marauder  
  70  7:19  SCV  
  71  7:24  Marine  
  71  7:25  SCV  
  73  7:31  SCV  
  73  7:35  Marine  
  76  7:37  Missile Turret, SCV  
  76  7:42  Marine  
  77  7:50  Missile Turret  
  77  7:57  Engineering Bay  
  77  8:03  Armory  
  77  8:11  Supply Depot  
  77  8:16  Supply Depot  
  77  8:32  Marine  
  77  8:33  Siege Tank, Marauder, SCV x2  
  85  8:34  Supply Depot  
  85  8:45  Missile Turret, SCV x2  
  85  8:48  Missile Turret  
  87  8:50  Marine  
  87  8:53  Marine x2  
  87  8:54  Marine  
  91  8:57  Refinery, SCV x2, Supply Depot  
  93  9:05  Siege Tank  
  93  9:07  Barracks  
  93  9:08  Marine, Barracks  
  93  9:09  SCV  
  98  9:11  Marine, Medivac  
  101  9:19  Marauder, Marine, Medivac  
  101  9:21  SCV  
  101  9:24  SCV x2  
  109  9:34  Supply Depot  
  109  9:38  Marine  
  109  9:40  Terran Infantry Armor Level 1  
  109  9:41  Terran Infantry Weapons Level 1, Marauder, Medivac  
  109  9:44  Terran Vehicle And Ship Armor Level 1  
  114  9:46  Siege Tank  
  117  9:56  Marine x3, Medivac  
  117  9:57  SCV  
  117  9:58  Missile Turret  
  123  10:02  Marauder  
  125  10:22  Missile Turret x2, Command Center  
  125  10:25  Missile Turret  
  125  10:33  Supply Depot  
  125  10:39  Supply Depot  
  125  10:40  Supply Depot  
  125  10:41  Supply Depot  
  125  10:42  Marauder, Marine x3, SCV, Medivac  
  133  10:46  Barracks Reactor  
  133  10:48  Barracks Reactor  
  133  10:49  Supply Depot  
  133  10:54  Medivac  
  135  11:00  Marine  
  135  11:04  Marauder  
  138  11:25  Marauder  
  128  11:46  Marauder  
  116  11:59  Marine  
  116  12:00  Marine  
  119  12:02  Planetary Fortress  
  119  12:07  SCV x3  
  119  12:08  Marauder  
  124  12:13  Stimpack  
  123  12:17  Marine  
  123  12:18  Marine  
  123  12:19  SCV  
  117  12:23  Barracks Tech Lab  
  117  12:29  Marauder, Barracks  
  119  12:35  Marine x2  
  97  12:40  Barracks  
  96  12:48  Marine  
  96  12:51  Marauder  
  99  12:53  Marine x2, SCV  
  99  12:55  Refinery  
  102  13:04  Barracks  
  102  13:05  SCV  
  103  13:06  Marauder  
  103  13:07  SCV, Barracks  
  103  13:10  Barracks  
  103  13:11  Marine x2  
  103  13:12  Marauder  
  110  13:17  SCV  
  110  13:19  SCV  
  112  13:27  Marine  
  112  13:29  Marine x2  
  112  13:31  SCV  
  112  13:32  Refinery  
  112  13:33  Marauder  
  118  13:37  Combat Shields  
  118  13:41  Barracks Reactor x2  
  118  13:45  Marauder  
  118  13:46  Marine  
  118  13:47  Marine  
  122  13:51  Terran Infantry Armor Level 2  
  122  13:52  Terran Infantry Weapons Level 2  
  122  13:55  Marauder  
  124  14:00  Marine x2  
  124  14:01  Marine  
  124  14:02  Medivac x2  
  131  14:04  Marine x2  
  131  14:07  Marauder, Barracks Reactor x2, Barracks Tech Lab  
  135  14:10  Marine  
  135  14:16  Marauder  
  137  14:18  Marine x3  
  137  14:22  Marine  
  124  14:28  Marauder  
  126  14:32  Marine x2  
  126  14:33  Marauder, Marine  
  126  14:38  Siege Tank, Marauder  
  136  14:39  Marine x3  
  136  14:42  Concussive Shells  
  139  14:45  Marine  
  139  14:46  Marine x3  
  139  14:47  Marine x2  
  139  14:50  Marauder  
  147  14:53  Marine x3  
  147  14:54  Marauder, Marine  
  147  14:59  Marauder  
  154  15:06  Command Center  
  154  15:11  Marauder  
  155  15:16  Marauder  
  155  15:20  Marauder  
  159  15:23  Barracks Tech Lab  
  159  15:32  Marauder  
  161  15:37  Marauder  
  161  15:42  Marauder  
  165  15:54  Marauder  
  159  15:58  Marauder  
  159  16:03  Marauder  
  141  16:15  Marauder  
  141  16:16  Marine x3  
  141  16:17  Marauder, Marine x4  
  141  16:18  Marine x4  
  138  16:19  Marine  
  138  16:20  Marauder  
  138  16:24  Marauder  
  142  16:34  Marine  
  142  16:36  Marine x2  
  142  16:37  Marauder, Marine x4  
  142  16:38  Marauder, Marine x2  
  155  16:41  Marauder  
  155  16:46  Marauder  
  159  16:58  Marauder  
  159  17:00  Marauder  
  152  17:03  Marauder  
  152  17:06  Marine x3  
  152  17:07  Marauder  
  156  17:13  Marine  
  156  17:14  Marine x4  
  161  17:19  Marauder  
  161  17:21  Marauder  
  156  17:24  Marauder  
  156  17:29  Marauder  
  142  17:37  Marine x2  
  142  17:38  Marine x3  
  142  17:39  Marine x3  
  142  17:40  Marine x3  
  142  17:41  Marauder  
  142  17:42  Marauder  
  155  17:45  Marauder  
  155  17:49  Marine  
  155  17:50  Marauder  
  160  17:55  Marine x3  
Show
View Real Time Build Order
Export as new Build Order

Jhyrachy Zerg 

Build Orders: Hatch First 

Get SALT Encoding   

  12  0:01  Drone  
  13  0:11  Drone  
  14  0:18  Overlord  
  14  0:36  Drone x3  
  17  0:58  Hatchery, Drone  
  17  1:03  Extractor  
  16  1:04  Drone  
  16  1:09  Overlord  
  17  1:21  Drone  
  18  1:31  Spawning Pool  
  18  1:32  Drone  
  18  1:53  Drone  
  19  2:10  Drone x2  
  21  2:17  Metabolic Boost  
  21  2:20  Queen x2  
  25  2:23  Drone x3  
  25  2:27  Overlord  
  28  2:35  Zergling x2  
  29  2:42  Drone  
  30  2:45  Drone  
  31  2:58  Lair  
  31  3:05  Queen  
  33  3:06  Drone x3  
  33  3:07  Drone  
  36  3:44  Queen  
  38  3:57  Spore Crawler  
  38  4:00  Spore Crawler, Drone x2  
  38  4:09  Spore Crawler  
  37  4:12  Spore Crawler  
  36  4:20  Drone  
  37  4:27  Queen  
  37  4:28  Roach Warren  
  38  4:38  Drone  
  38  4:39  Drone x6  
  38  4:40  Drone  
  38  4:42  Hatchery  
  42  5:17  Overlord x3  
  42  5:18  Overlord  
  42  5:40  Roach x3  
  42  5:41  Roach x2  
  52  6:04  Ravager  
  52  6:05  Ravager x4  
  52  6:09  Extractor  
  52  6:10  Drone  
  57  6:12  Drone x3  
  60  6:42  Queen x2  
  60  6:46  Overlord x3  
  64  6:47  Overlord  
  64  6:48  Overlord  
  64  7:07  Hatchery  
  64  7:08  Extractor  
  62  7:10  Drone  
  62  7:11  Drone x5  
  68  7:23  Evolution Chamber  
  68  7:27  Evolution Chamber  
  66  7:42  Drone x3  
  69  7:58  Extractor  
  69  7:59  Zerg Missile Weapons Level 1  
  69  8:00  Zerg Ground Armor Level 1  
  68  8:13  Queen  
  68  8:14  Queen  
  72  8:37  Roach x9  
  72  8:38  Roach x11  
  72  8:39  Overlord x4  
  112  8:44  Glial Reconstitution  
  112  8:57  Queen  
  114  9:07  Overlord x3  
  114  9:30  Overseer x2  
  114  9:40  Burrow, Queen x3  
  114  9:45  Overlord x5  
  120  9:48  Roach  
  120  9:49  Roach x15  
  152  9:59  Extractor  
  151  10:42  Hatchery  
  150  10:46  Tunneling Claws  
  150  10:48  Zerg Missile Weapons Level 2, Zerg Ground Armor Level 2  
  138  11:43  Roach x27  
  115  12:00  Roach x27  
  115  12:11  Queen, Roach x26  
  113  12:33  Roach x9  
  113  12:34  Roach x21  
  167  13:06  Drone  
  167  13:07  Drone x4  
  167  13:08  Drone x2  
  174  13:50  Zerg Melee Weapons Level 1  
  174  13:53  Roach x53  
  174  13:57  Spire  
  171  14:20  Roach x32  
  171  14:21  Roach x20  
  171  15:23  Mutalisk  
  171  15:24  Mutalisk x12  
  171  15:25  Mutalisk  
  199  15:29  Drone  
  200  15:36  Roach x49  
  200  15:37  Roach x3  
  200  15:46  Roach x40  
  182  16:07  Roach  
  182  16:08  Roach x17  
  122  16:28  Roach x19  
  122  16:29  Extractor  
  101  16:37  Roach x4  
  101  16:38  Roach x5  
  99  17:04  Ravager  
  99  17:05  Ravager x8  
  81  17:32  Roach  
  81  17:33  Roach x14  
  75  17:53  Roach x4  
  75  17:54  Roach  
  75  17:56  Ravager x2  
  75  17:57  Ravager  
  74  17:59  Ravager x2  
Tags
 
Add a new tag
Caveats
  • Supply blocks, unpowered buildings, or Contaminate may cause inaccurate times.
  • Supply counts are checked every 10 seconds.